 Dungeon Crawl Stone Soup version 0.29.0-13-gc9e81de378 (webtiles) character file.

Game seed: 690724081534018833

605 Persephone the Cleaver (level 7, -5/57 HPs)
             Began as a Minotaur Monk on Sept 7, 2022.
             Was a Believer of Qazlal.
             Shot with an arrow by a centaur (8 damage)
             ... on level 5 of the Dungeon.
             The game lasted 00:06:25 (3659 turns).

Persephone the Cleaver (Minotaur Monk)              Turns: 3659, Time: 00:06:26

Health: -5/57      AC:  5    Str: 17 (18) XL:     7   Next: 19%
Magic:  6/6        EV: 12    Int:  4 (7)  God:    Qazlal [**....]
Gold:   85         SH:  2    Dex: 16 (18) Spells: 6/6 levels left

rFire   + . .      SeeInvis .   w - +1 hand axe (vorpal)
rCold   . . .      Faith    .   (no shield)
rNeg    . . .      Spirit   .   n - +0 ring mail
rPois   .          Reflect  .   (helmet restricted)
rElec   .          Harm     +   u - scarf {harm}
rCorr   .          Rampage  .   (no gloves)
Will    .....                   (no boots)
Stlth   +.........              (no amulet)
HPRegen 0.19/turn               d - +6 ring of dexterity
MPRegen 0.10/turn               x - ring of protection from fire

@: brilliant
A: horns 2, retaliatory headbutt
a: Renounce Religion, Upheaval


You were on level 5 of the Dungeon.
You worshipped Qazlal.
Qazlal was pleased with you.
You visited 1 branch of the dungeon, and saw 5 of its levels.

You collected 317 gold pieces.
You spent 232 gold pieces at shops.

Inventory:

Hand Weapons
 f - a +4 hand axe
 w - a +1 vorpal hand axe (weapon)
Armour
 b - a +0 robe
 n - a +0 ring mail (worn)
 u - a scarf of harm (worn)
Jewellery
 d - a +6 ring of dexterity (left hand)
 x - a ring of protection from fire (right hand)
Wands
 m - a wand of paralysis (6)
Scrolls
 g - a scroll of magic mapping {unknown}
 i - a scroll of brand weapon {unknown}
 j - a scroll of immolation {unknown}
 l - 2 scrolls of blinking {unknown}
 q - 2 scrolls of enchant weapon {unknown}
 r - 2 scrolls of fear {unknown}
 s - 2 scrolls of identify {unknown}
 t - 2 scrolls of teleportation {unknown}
 v - a scroll of vulnerability {unknown}
 y - a scroll of noise {unknown}
Potions
 a - a potion of heal wounds {unknown}
 c - a potion of ambrosia
 e - a potion of brilliance
 h - 2 potions of degeneration
 k - a potion of attraction {unknown}
 o - 5 potions of curing {unknown}
 p - a potion of might {unknown}


   Skills:
 - Level 3.6 Fighting
 + Level 10.0 Axes
 - Level 3.2 Dodging
 - Level 1.5 Stealth


You had 6 spell levels left.
You didn't know any spells.
Your spell library contained the following spells:

 Spells                   Type           Power      Damage    Failure   Level
 Sandblast                Erth           0%         2d4       71%         1
 Shock                    Conj/Air       0%         1d3       71%         1
 Passwall                 Tmut/Erth      0%         N/A       85%         2
 Stone Arrow              Conj/Erth      0%         3d7       97%         3
 Swiftness                Air            0%         N/A       97%         3
 Airstrike                Air            0%         2d(0-16)  100%        4


Dungeon Overview and Level Annotations

Branches:
Dungeon (5/15)
 Temple: D:4-7

Altars:
Elyvilon
Kikubaaqudgha
Makhleb
Nemelex Xobeh
Qazlal
Uskayaw

Shops:
D:4 ([


Innate Abilities, Weirdness & Mutations

You have a pair of horns on your head.
You reflexively headbutt those who attack you in melee.


Message History

The centaur kicks you but does no damage.
You hit the centaur. Your headbutt misses the centaur.
The centaur is moderately wounded.
The centaur closely misses you.
The centaur kicks you but does no damage.
You barely miss the centaur.
The centaur is moderately wounded.
You hit the orc but do no damage.
The centaur shoots an arrow.
The arrow hits you!
* * * LOW HITPOINT WARNING * * *
The centaur closely misses you. You furiously retaliate!
You headbutt the centaur! The centaur closely misses you.
The orc closely misses you.
The centaur shoots an arrow.
The arrow hits you.
* * * LOW HITPOINT WARNING * * *
It was a potion of degeneration.
There was something very wrong with that liquid.
You feel weakened.
You feel dopey.
You feel clumsy. The centaur hits you.
* * * LOW HITPOINT WARNING * * *
The centaur kicks you but does no damage.
The orc hits you with a +0 mace.
* * * LOW HITPOINT WARNING * * *
The centaur hits you.
* * * LOW HITPOINT WARNING * * *
The centaur barely misses you.
You hit the centaur.
You kill the centaur!
Qazlal accepts your kill.
You slash the orc!
You kill the orc!
Qazlal accepts your kill.
The centaur shoots an arrow.
The arrow hits you but does no damage.
The orc priest begins to cast a cantrip, but forgets the words!
You feel your strength returning.
Your Axes skill increases to level 10!
Okay, then.
It was a potion of brilliance.
You feel clever all of a sudden.
The centaur shoots an arrow.
The arrow hits you!
You die...

..############.#
#.# #.# #.# #.#
#.# #.# ..#
#####.###########
#.#
#................
#.#
#.###...c........
#.# ###.#..#.....
..# #@#........
### #oo.##c##..
#..## .# # #..#
.# # #..o..:....
# ....#.##c.#. #
###..##.? ## #...
#o# .### #...


o.o You could see a centaur, an orc priest and 2 orcs.

Vanquished Creatures
  An ogre (D:4)
  A centaur (D:5)
  A phantom (D:5)
  Blork the orc (D:5)
  A scorpion (D:5)
  2 orc priests (D:4)
  A jelly (D:5)
  An iguana (D:5)
  2 adders
  3 gnolls (D:3)
  3 dart slugs
  14 orcs
  7 ball pythons
  4 endoplasms
  2 giant cockroaches (D:2)
  4 hobgoblins
  A quokka (D:5)
  9 bats
  A frilled lizard (D:1)
  4 goblins
  8 kobolds
  4 rats
75 creatures vanquished.

Notes
Turn   | Place    | Note
-------+----------+-------------------------------------------
     0 | D:1      | Persephone the Minotaur Monk began the quest for the Orb.
     0 | D:1      | Reached XP level 1. HP: 19/19 MP: 0/0
   373 | D:1      | Found a faded altar of an unknown god.
   608 | D:1      | Reached skill level 4 in Axes
   910 | D:2      | Reached XP level 2. HP: 22/26 MP: 1/1
  1195 | D:2      | Reached skill level 5 in Axes
  1353 | D:2      | Reached XP level 3. HP: 28/31 MP: 2/2
  1980 | D:3      | Found an ancient bone altar of Kikubaaqudgha.
  2039 | D:3      | Reached skill level 6 in Axes
  2039 | D:3      | Reached XP level 4. HP: 28/39 MP: 3/3
  2517 | D:4      | Found Sovujuyteo's Antique Armour Shoppe.
  2578 | D:4      | Bought an embroidered scarf for 232 gold pieces
  2611 | D:4      | Reached XP level 5. HP: 45/45 MP: 4/4
  2648 | D:4      | Reached skill level 7 in Axes
  2711 | D:4      | Found a burning altar of Makhleb.
  2718 | D:4      | Found a white marble altar of Elyvilon.
  2721 | D:4      | Found a stormy altar of Qazlal.
  2721 | D:4      | Found a sparkling altar of Nemelex Xobeh.
  2733 | D:4      | Found a hide-covered altar of Uskayaw.
  2738 | D:4      | Became a worshipper of Qazlal Stormbringer
  2738 | D:4      | Reached * piety under Qazlal
  2738 | D:4      | Reached ** piety under Qazlal
  3063 | D:4      | Found Dorchoinic's Weapon Emporium.
  3118 | D:4      | Noticed an ogre
  3124 | D:4      | Killed an ogre
  3125 | D:4      | Reached skill level 8 in Axes
  3125 | D:4      | Reached XP level 6. HP: 28/51 MP: 5/5
  3289 | D:5      | Entered Level 5 of the Dungeon
  3297 | D:5      | Noticed Blork the orc
  3307 | D:5      | Killed Blork the orc
  3310 | D:5      | Reached skill level 9 in Axes
  3548 | D:5      | Reached XP level 7. HP: 44/57 MP: 6/6
  3657 | D:5      | HP: 2/57 [centaur (4)]
  3659 | D:5      | Reached skill level 10 in Axes
  3659 | D:5      | Shot with an arrow by a centaur

Illustrated notes

Levels and vault maps discovered:
D:1:      scummos_arrival_simple_fountains, layout_loops_corners,
          shapermc_ecumenical_altar_starsandcircs, dk_noncrumbling_4
D:2:      layout_loops_cross
D:3:      layout_rooms, mainiacjoe_overflow_catwalk,
          corexii_hall_statues_deadend, minmay_cupped
D:4:      layout_basic, nicolae_overflow_hallway_of_the_gods, serial_shops,
          kennysheep_mini_moat, nicolae_diamond_shop
D:5:      layout_loops_ring, minmay_manual_mares, uniq_blork_the_orc

Skill      XL: |  1  2  3  4  5  6  7 |
---------------+----------------------+-----
Axes           | 4 5 6 8 9 10 | 10.0
Fighting       | |  3.6
Dodging        | |  3.2
Stealth        | |  1.5

Action                   |  1- 3 |  4- 6 |  7- 9 || total
-------------------------+-------+-------+-------++-------
Melee: Hand axe          |    69 |    67 |     3 ||   139
       Headbutt          |     7 |    17 |       ||    24
  Use: Potion            |       |       |     2 ||     2
 Stab: Sleeping          |     5 |     1 |       ||     6
Armor: Robe              |     8 |       |       ||     8
       Ring mail         |    16 |    22 |     4 ||    42
Dodge: Dodged            |    49 |    38 |    11 ||    98
Block: Other             |       |     2 |       ||     2
